 Dungeon Crawl Stone Soup version 0.27.1-3-gb3d3a73c9e (webtiles) character file.

Game seed: 13549040292294521611

54 Descartes the Covert (level 3, -1/19 HPs)
             Began as a Spriggan Delver on Oct 18, 2021.
             Slain by an adder (4 damage)
             ... on level 4 of the Dungeon.
             The game lasted 00:01:20 (307 turns).

Descartes the Covert (Spriggan Delver)               Turns: 307, Time: 00:01:21

Health: -1/19      AC:  2    Str:  9    XL:     3   Next: 66%
Magic:  4/4        EV: 17    Int: 11    God:
Gold:   10         SH:  0    Dex: 16    Spells: 2/2 levels left

rFire    . . .     SeeInvis +   a - +0 short sword
rCold    . . .     Faith    .   (shield restricted)
rNeg     . . .     Spirit   .   b - +0 robe
rPois    .         Reflect  .   (helmet restricted)
rElec    .         Harm     .   (no cloak)
rCorr    .         Rampage  .   (gloves unavailable)
Will     .....                  (boots unavailable)
Stlth    ++++......             (no amulet)
HPRegen  0.06/turn              (no ring)
MPRegen  0.09/turn              (no ring)

@: hasted, very quick
A: very small, no large weapons, unfitting armour, see invisible, speed 3
a: no special abilities


You were on level 4 of the Dungeon.
You visited 1 branch of the dungeon, and saw 2 of its levels.

You collected 10 gold pieces.

Inventory:

Hand Weapons
 a - a +0 short sword (weapon)
Armour
 b - a +0 robe (worn)
Wands
 g - a wand of digging (3)
Scrolls
 c - 2 scrolls of fog
 d - a scroll of magic mapping
 e - a scroll of fear
 h - a scroll of teleportation {unknown}


   Skills:
 + Level 2.7 Fighting
 + Level 2.5 Short Blades
 + Level 3.0 Dodging
 * Level 8.6 Stealth


You had 2 spell levels left.
You didn't know any spells.
Your spell library was empty.

Dungeon Overview and Level Annotations

Branches:
Dungeon (5/15)
 Temple: D:4-7

Altars:


Innate Abilities, Weirdness & Mutations

You are very small and have problems with some larger weapons.
You are too small for most types of armour.
You have supernaturally acute eyesight. (SInv)
You cover ground extremely quickly. (Speed+++)


Message History

There is a stone staircase leading up here.
The hound barks!
The hound zombie closely misses you.
You climb upwards.
The adder hisses angrily.
The hobgoblin shouts!
You hear an angry hiss.
There is a stone staircase leading down here.
You hit the hobgoblin.
The hobgoblin is heavily wounded.
The hobgoblin barely misses you.
You hit the hobgoblin but do no damage.
The hobgoblin is heavily wounded.
The hobgoblin hits you but does no damage.
You hit the hobgoblin but do no damage.
The hobgoblin is heavily wounded.
The adder completely misses you.
An adder comes into view.
The hobgoblin barely misses you.
The adder hisses angrily.
You hit the hobgoblin.
You kill the hobgoblin!
The adder misses you. x2
You hit the adder.
The adder is heavily wounded.
The adder bites you.
You are poisoned.
The adder poisons you! The adder closely misses you.
You feel sick.
You feel sick. The adder completely misses you.
You feel sick.
You feel sick. The adder bites you.
You closely miss the adder.
You feel sick. The adder barely misses you.
You hit the adder.
The adder is moderately wounded.
You feel sick. The adder barely misses you.
You feel yourself speed up.
You feel sick.
You are no longer poisoned.
The adder bites you.
* * * LOW HITPOINT WARNING * * *
The adder bites you.
You die...

.. #.#
#.#
##.##
#...
#..#
#.†# #
#>.###.#
#.SS@..#
#.####.#
#.# #
#.. ###


You could see 2 adders.

Vanquished Creatures
  An iguana (D:5)
  2 adders (D:5)
  An ufetubus (D:5)
  An adder skeleton (D:5)
  A hobgoblin (D:4)
6 creatures vanquished.

Notes
Turn   | Place    | Note
-------+----------+-------------------------------------------
     0 | D:5      | Descartes the Spriggan Delver began the quest for the Orb.
     0 | D:5      | Reached XP level 1. HP: 11/11 MP: 2/2
    32 | D:5      | Noticed an ice beast
    54 | D:5      | Noticed an iguana
    60 | D:5      | Killed an iguana
    61 | D:5      | Reached skill level 8 in Stealth
    61 | D:5      | Reached XP level 2. HP: 16/16 MP: 3/3
    61 | D:5      | Reached XP level 3. HP: 19/19 MP: 4/4
   248 | D:5      | Noticed an orc warrior
   307 | D:4      | Slain by an adder

Illustrated notes

Levels and vault maps discovered:
D:4:      layout_loops_ring, ebering_ghost_disaster_area, uniq_blork_the_orc
D:5:      cheibrodos_two_vegetables, layout_rooms, nicolae_uskayaw_dance_hall

Skill      XL: |  1  2  3 |
---------------+----------+-----
Stealth        | 8 |  8.6
Dodging        | 3 |  3.0
Fighting       | |  2.7
Short Blades   | |  2.5

Action                   || total
-------------------------++-------
Melee: Short sword       ||    25
  Use: Potion            ||     1
 Stab: Sleeping          ||     4
Armor: Robe              ||     1
Dodge: Dodged            ||    21
